Canadiens vs Sharks

Created - 24 février 2016 at 19:45

Goals
1 2 3 T
Canadiens 0 3 1 4
Sharks 0 4 2 6
Shots
1 2 3 T
Canadiens 10 16 3 29
Sharks 11 12 12 35

1st period

No Goal

Penalties :
Martin Erat (SJS) for Cross-checking (Minor) at 4:53, Matt Carle (Mon) for Delaying the game (Minor) at 8:38, Jason Allison (SJS) for Interference (Minor) at 11:18, Devin Setoguchi (Mon) for Interference (Minor) at 19:11

2nd period

1. Sharks , Daniel Alfredsson 5 (Marcel Hossa, Mike Green) at 0:34 (PP)
2. Canadiens , Jiri Fischer 2 (Patrick Sharp, Marc Savard) at 5:39
3. Sharks , Derek Boogaard 18 (David Legwand, Michal Rozsival) at 6:15 (PP)
4. Canadiens , Patrick Sharp 35 (Marc Savard, Dan Boyle) at 6:32
5. Canadiens , Sergei Samsonov 22 (Dan Boyle) at 7:45
6. Sharks , Kevin Shattenkirk 5 (David Legwand) at 10:53 (PP)
7. Sharks , Antoine Vermette 19 (Michal Rozsival, Marcel Hossa) at 19:33 (PP)

Penalties :
Marc Savard (Mon) for Hooking (Minor) at 0:40, Dan Boyle (Mon) for Holding (Minor) at 6:01, Cam Janssen (Mon) for Holding (Minor) at 10:37, Maxim Talbot (Mon) for Hooking (Minor) at 12:30, Daniel Alfredsson (SJS) for Tripping (Minor) at 16:16, Sergei Samsonov (Mon) for Tripping (Minor) at 19:22

3rd period

8. Canadiens , Dennis Wideman 7 (Maxim Talbot, Greg Stewart) at 9:27
9. Sharks , Jason Allison 18 (Tuomo Ruutu, David Legwand) at 13:28
10. Sharks , Michal Rozsival 7 (Derek Boogaard, David Legwand) at 15:25 (PP)

Penalties :
Marcel Hossa (SJS) for Hooking (Minor) at 3:06, Dan Boyle (Mon) for Interference (Minor) at 15:18, Maxim Talbot (Mon) for Tripping (Minor) at 16:08

Goalie Stats

Jonathan Bernier (Mon), 29 saves from 35 shots - (0,829), L, 18-16-2, 60:00 minutes
Dan Ellis (SJS), 25 saves from 29 shots - (0,862), W, 12-10-1, 60:00 minutes

Players Stats for Canadiens

Player Name              G  A  P  +/- PIM S  H  SB GA TA FO     MP     PP MP  PK MP  
------------------------------------------------------------------------------------
Brooks Laich             0  0  0   1  0   3  1  1  0  0  6/12   18:51   3:38   1:50 
Cam Janssen              0  0  0   1  2   0  0  0  0  0  0/0    10:59   0:10   0:00 
Dan Boyle                0  2  2   2  4   2  3  2  0  0  0/0    28:33   4:39   6:39 
Dennis Wideman           1  0  1   3  0   1  2  0  1  2  0/0    27:49   4:39   7:00 
Devin Setoguchi          0  0  0   1  2   3  1  0  2  0  1/1    16:32   3:38   0:00 
Dustin Boyd              0  0  0   0  0   0  0  1  0  0  2/5     6:53   0:00   0:27 
Greg Stewart             0  1  1   1  0   1  2  0  1  0  0/0    15:07   0:10   1:39 
Jiri Fischer             1  0  1   0  0   1  1  0  0  0  0/0     9:21   0:00   0:00 
Josh Gorges              0  0  0   0  0   0  3  1  1  0  0/0    20:54   3:17   3:07 
Ladislav Smid            0  0  0   0  0   1  1  2  0  0  0/0    20:54   3:17   3:07 
Marc Savard              0  2  2   1  2   3  2  0  0  0  15/36  25:07   4:08   4:39 
Marek Svatos             0  0  0   1  0   3  0  1  0  1  0/1    19:34   4:08   2:40 
Matt Carle               0  0  0   0  2   1  0  1  0  1  0/0     9:46   0:00   0:21 
Maxim Talbot             0  1  1   1  4   0  1  1  0  0  3/5    11:45   0:10   0:00 
Patrick Sharp            1  1  2   1  0   3  1  0  0  1  1/1    23:47   4:08   5:48 
Riley Cote               0  0  0   0  0   1  1  1  0  0  1/1     2:26   0:00   0:31 
Sergei Samsonov          1  0  1   1  2   6  3  0  1  0  0/1    18:41   3:38   2:40 
Stu Bickel               0  0  0   1  0   0  1  0  0  0  0/0     2:45   0:00   0:00 

Players Stats for Sharks

Player Name              G  A  P  +/- PIM S  H  SB GA TA FO     MP     PP MP  PK MP  
------------------------------------------------------------------------------------
Alexander Radulov        0  0  0   0  0   4  2  1  0  0  0/0    11:10   0:04   0:00 
Antoine Vermette         1  0  1  -2  0   3  0  0  0  0  6/13   15:16   4:12   0:45 
Brad Boyes               0  0  0  -1  0   5  4  0  1  0  4/4    20:09   5:51   1:57 
Cal Clutterbuck          0  0  0   0  0   3  1  0  1  0  0/0    10:14   0:00   1:52 
Daniel Alfredsson        1  0  1  -2  2   1  1  0  0  0  1/2    18:18   4:12   3:08 
David Legwand            0  4  4  -1  0   0  3  1  1  1  19/34  23:04   5:51   4:22 
Derek Boogaard           1  1  2  -1  0   1  2  0  0  0  0/1    20:46   5:51   1:51 
Jason Allison            1  0  1   0  2   4  0  1  0  1  3/6    10:39   0:00   0:00 
Jay Bouwmeester          0  0  0   0  0   1  0  0  0  0  0/0    11:45   0:00   0:19 
Kevin Shattenkirk        1  0  1  -1  0   2  1  0  0  0  0/0    17:37   3:34   0:07 
Kim Johnsson             0  0  0   0  0   0  1  1  0  0  0/0    14:48   0:00   3:27 
Marcel Hossa             0  2  2  -2  2   2  0  0  0  0  0/1    14:56   4:12   0:00 
Martin Erat              0  0  0   0  2   0  1  0  0  0  0/0     7:03   0:00   0:00 
Michal Rozsival          1  2  3  -2  0   4  3  1  0  1  0/0    28:27   6:33   4:10 
Mike Green               0  1  1  -2  0   4  3  1  2  2  0/0    27:23   6:33   4:10 
Paul Gaustad             0  0  0   0  0   0  5  0  0  0  1/2     7:05   0:04   0:00 
Steve McCarthy           0  0  0  -1  0   0  1  2  0  0  0/0    20:00   3:34   3:39 
Tuomo Ruutu              0  1  1   0  0   1  3  1  0  1  0/0    13:20   0:04   1:57 

3 Stars

1 - David Legwand (SJS)
2 - Dennis Wideman (Mon)
3 - Michal Rozsival (SJS)

Power Play

Canadiens - 0 on 4 Attempt(s) - 0,00%
Sharks - 5 on 9 Attempt(s) - 55,56%

Penalty Kill

Canadiens - 4 on 9 Attempt(s) - 44,44% - Score 0 goal in Penalty Kill
Sharks - 4 on 4 Attempt(s) - 100,00% - Score 0 goal in Penalty Kill

Team Stat

Canadiens - Hits : 23 - Faceoff Wins : 29 - Blocked Shots : 11 - Penalty Minutes : 18
Sharks - Hits : 31 - Faceoff Wins : 34 - Blocked Shots : 9 - Penalty Minutes : 8

Official

Referees : Leggo Mike and LaRue Dennis
Linesman : Bryan Pancich and Tim Nowak

Game Notes

Riley Cote is injured at 0:42 of 2nd period (Left Foot)

Finance

Level 1 -- Attendance: 5022 (83,70%) -- Ticket Income 451 980 $
Level 2 -- Attendance: 3708 (74,16%) -- Ticket Income 222 480 $
Level 3 -- Attendance: 1287 (64,35%) -- Ticket Income 51 480 $
Level 4 -- Attendance: 3655 (91,38%) -- Ticket Income 73 100 $
Luxury Box -- Attendance: 683 (68,30%) -- Ticket Income 122 940 $
Game was played at the Hockey Place Center.
Total Attendance: 14355 (79,75%)
Total Ticket Income: 921 980 $
Other Income: 138 297 $
Total Income: 1 060 277 $

Canadiens

5 vs 5 Forward 
   Center                   Left Wing                Right Wing               Time % Phy DF OF 
 1 Marc Savard              Patrick Sharp            Marek Svatos             40     1   2  2  
 2 Brooks Laich             Sergei Samsonov          Devin Setoguchi          30     1   2  2  
 3 Maxim Talbot             Greg Stewart             Cam Janssen              20     1   2  2  
 4 Dustin Boyd              Riley Cote               Marc Savard              10     1   2  2  

5 vs 5 Defense 
   Defense                  Defense                                           Time % Phy DF OF 
 1 Dan Boyle                Dennis Wideman                                    40     1   2  2  
 2 Josh Gorges              Ladislav Smid                                     30     1   2  2  
 3 Jiri Fischer             Matt Carle                                        20     1   2  2  
 4 Stu Bickel               Dan Boyle                                         10     1   2  2  

PowerPlay Forward 
   Center                   Left Wing                Right Wing               Time % Phy DF OF 
 1 Marc Savard              Patrick Sharp            Marek Svatos             60     1   2  2  
 2 Brooks Laich             Sergei Samsonov          Devin Setoguchi          40     1   2  2  

PowerPlay Defense
   Defense                  Defense                                           Time % Phy DF OF 
 1 Dan Boyle                Dennis Wideman                                    60     1   2  2  
 2 Josh Gorges              Ladislav Smid                                     40     1   2  2  

Penalty Kill 4 Players Forward 
   Center                   Wing                     Time % Phy DF OF 
 1 Marc Savard              Patrick Sharp            60     1   2  2  
 2 Marek Svatos             Sergei Samsonov          40     1   2  2  

Penalty Kill 4 Players Defense
   Defense                  Defense                  Time % Phy DF OF 
 1 Dan Boyle                Dennis Wideman           60     1   2  2  
 2 Josh Gorges              Ladislav Smid            40     1   2  2  

Penalty Kill - 3 Players Forward 
   Forward                                           Time % Phy DF OF 
 1 Marc Savard                                       60     1   2  2  
 2 Patrick Sharp                                     40     1   2  2  

Penalty Kill - 3 Players Defense
   Defense                  Defense                  Time % Phy DF OF 
 1 Dan Boyle                Dennis Wideman           60     1   2  2  
 2 Josh Gorges              Ladislav Smid            40     1   2  2  

4 vs 4 Forward 
   Center                   Wing                     Time % Phy DF OF 
 1 Marc Savard              Patrick Sharp            60     1   2  2  
 2 Marek Svatos             Sergei Samsonov          40     1   2  2  

4 vs 4 Defense
   Defense                  Defense                  Time % Phy DF OF 
 1 Dan Boyle                Dennis Wideman           60     1   2  2  
 2 Josh Gorges              Ladislav Smid            40     1   2  2  

Last Minutes Offensive
   Center                   Left Wing                Right Wing               Defense                  Defense                  
   Marc Savard              Patrick Sharp            Marek Svatos             Dan Boyle                Dennis Wideman           

Last Minutes Defensive
   Center                   Left Wing                Right Wing               Defense                  Defense                  
   Marc Savard              Patrick Sharp            Marek Svatos             Dan Boyle                Dennis Wideman           

Goaltenders
Starting : Jonathan Bernier         
Backup : Miika Kiprusoff          

Extra Forwards
Normal : Greg Stewart, Maxim Talbot, Riley Cote - PP : Greg Stewart, Maxim Talbot - PK : Riley Cote
Extra Defensemen
Normal : Jiri Fischer, Matt Carle, Stu Bickel - PP : Jiri Fischer - PK : Matt Carle, Stu Bickel
Penalty Shots
Marc Savard, Patrick Sharp, Marek Svatos, Sergei Samsonov, Greg Stewart

Sharks

5 vs 5 Forward 
   Center                   Left Wing                Right Wing               Time % Phy DF OF 
 1 David Legwand            Derek Boogaard           Brad Boyes               40     1   2  2  
 2 Antoine Vermette         Marcel Hossa             Daniel Alfredsson        30     1   2  2  
 3 Jason Allison            Tuomo Ruutu              Alexander Radulov        20     1   2  2  
 4 Paul Gaustad             Martin Erat              Cal Clutterbuck          10     1   2  2  

5 vs 5 Defense 
   Defense                  Defense                                           Time % Phy DF OF 
 1 Mike Green               Michal Rozsival                                   40     1   2  2  
 2 Steve McCarthy           Kevin Shattenkirk                                 30     1   2  2  
 3 Kim Johnsson             Jay Bouwmeester                                   20     1   2  2  
 4 Kevin Shattenkirk        Michal Rozsival                                   10     1   2  2  

PowerPlay Forward 
   Center                   Left Wing                Right Wing               Time % Phy DF OF 
 1 David Legwand            Derek Boogaard           Brad Boyes               60     1   1  3  
 2 Antoine Vermette         Marcel Hossa             Daniel Alfredsson        40     1   1  3  

PowerPlay Defense
   Defense                  Defense                                           Time % Phy DF OF 
 1 Mike Green               Michal Rozsival                                   60     1   1  3  
 2 Steve McCarthy           Kevin Shattenkirk                                 40     1   1  3  

Penalty Kill 4 Players Forward 
   Center                   Wing                     Time % Phy DF OF 
 1 David Legwand            Daniel Alfredsson        60     1   4  0  
 2 Brad Boyes               Tuomo Ruutu              40     1   4  0  

Penalty Kill 4 Players Defense
   Defense                  Defense                  Time % Phy DF OF 
 1 Mike Green               Michal Rozsival          60     1   4  0  
 2 Steve McCarthy           Kim Johnsson             40     1   4  0  

Penalty Kill - 3 Players Forward 
   Forward                                           Time % Phy DF OF 
 1 Daniel Alfredsson                                 60     1   4  0  
 2 Tuomo Ruutu                                       40     1   4  0  

Penalty Kill - 3 Players Defense
   Defense                  Defense                  Time % Phy DF OF 
 1 Mike Green               Michal Rozsival          60     1   4  0  
 2 Steve McCarthy           Kim Johnsson             40     1   4  0  

4 vs 4 Forward 
   Center                   Wing                     Time % Phy DF OF 
 1 David Legwand            Antoine Vermette         60     1   2  2  
 2 Brad Boyes               Jason Allison            40     1   2  2  

4 vs 4 Defense
   Defense                  Defense                  Time % Phy DF OF 
 1 Mike Green               Michal Rozsival          60     1   2  2  
 2 Steve McCarthy           Kevin Shattenkirk        40     1   2  2  

Last Minutes Offensive
   Center                   Left Wing                Right Wing               Defense                  Defense                  
   David Legwand            Derek Boogaard           Brad Boyes               Mike Green               Michal Rozsival          

Last Minutes Defensive
   Center                   Left Wing                Right Wing               Defense                  Defense                  
   David Legwand            Derek Boogaard           Brad Boyes               Mike Green               Michal Rozsival          

Goaltenders
Starting : Dan Ellis                
Backup : Mike Brodeur             

Extra Forwards
Normal : Paul Gaustad, Tuomo Ruutu, Cal Clutterbuck - PP : Paul Gaustad, Tuomo Ruutu - PK : Cal Clutterbuck
Extra Defensemen
Normal : Kevin Shattenkirk, Jay Bouwmeester, Steve McCarthy - PP : Kevin Shattenkirk - PK : Jay Bouwmeester, Steve McCarthy
Penalty Shots
David Legwand, Antoine Vermette, Brad Boyes, Jason Allison, Derek Boogaard

% Time on Ice - Canadiens

Lines # - Real PCT - Wanted PCT - Time Play
Normal Forward
1 - 33% - 40% - 14:00
2 - 30% - 30% - 12:33
3 - 22% - 20% - 9:05
4 - 15% - 10% - 6:19
Normal Defense
1 - 39% - 40% - 16:10
2 - 35% - 30% - 14:30
3 - 22% - 20% - 9:21
4 - 5% - 10% - 1:56
PP Forward
1 - 54% - 60% - 4:18
2 - 46% - 40% - 3:38
PP Defense
1 - 59% - 60% - 4:39
2 - 41% - 40% - 3:17
PK Forward
1 - 74% - 60% - 7:27
2 - 26% - 40% - 2:40
PK Defense
1 - 69% - 60% - 7:00
2 - 31% - 40% - 3:07
PK3 Forward
1 - 0% - 60%
2 - 0% - 40%
PK3 Defense
1 - 0% - 60%
2 - 0% - 40%
44 Forward
1 - 0% - 60%
2 - 0% - 40%
44 Defense
1 - 0% - 60%
2 - 0% - 40%
Last Minute Offensive  - 0:00
Last Minute Defensive  - 0:00
Total
Forward - 60:00
Defense - 60:00

% Time on Ice - Sharks

Lines # - Real PCT - Wanted PCT - Time Play
Normal Forward
1 - 35% - 40% - 14:36
2 - 25% - 30% - 10:27
3 - 25% - 20% - 10:32
4 - 15% - 10% - 6:22
Normal Defense
1 - 41% - 40% - 17:09
2 - 30% - 30% - 12:47
3 - 26% - 20% - 10:57
4 - 3% - 10% - 1:04
PP Forward
1 - 58% - 60% - 5:55
2 - 42% - 40% - 4:12
PP Defense
1 - 65% - 60% - 6:33
2 - 35% - 40% - 3:34
PK Forward
1 - 75% - 60% - 5:59
2 - 25% - 40% - 1:57
PK Defense
1 - 54% - 60% - 4:17
2 - 46% - 40% - 3:39
PK3 Forward
1 - 0% - 60%
2 - 0% - 40%
PK3 Defense
1 - 0% - 60%
2 - 0% - 40%
44 Forward
1 - 0% - 60%
2 - 0% - 40%
44 Defense
1 - 0% - 60%
2 - 0% - 40%
Last Minute Offensive  - 0:00
Last Minute Defensive  - 0:00
Total
Forward - 60:00
Defense - 60:00

Play by Play

1st period


0:01 of 1st period - David Legwand wins face-off versus Marc Savard in neutral zone.
0:12 of 1st period - Slapshot by Brad Boyes.
0:12 of 1st period - Stopped by Jonathan Bernier with a rebound.
0:14 of 1st period - Slapshot by Michal Rozsival.
0:14 of 1st period - Shot Misses the Net.
0:16 of 1st period - Snap shot by Brad Boyes.
0:16 of 1st period - Shot Misses the Net.
0:30 of 1st period - Icing by Antoine Vermette.
0:31 of 1st period - Antoine Vermette wins face-off versus Brooks Laich in Sharks zone.
0:38 of 1st period - Wrist shot by Antoine Vermette.
0:38 of 1st period - Shot Blocked by Ladislav Smid.
0:48 of 1st period - Snap shot by Antoine Vermette.
0:48 of 1st period - Stopped by Jonathan Bernier with a rebound.
0:56 of 1st period - Kevin Shattenkirk is hit by Ladislav Smid and loses puck.
1:13 of 1st period - Wrist shot by Antoine Vermette.
1:13 of 1st period - Shot Blocked by Brooks Laich.
1:48 of 1st period - Wrist shot by Jay Bouwmeester.
1:48 of 1st period - Stopped by Jonathan Bernier without a rebound.
1:49 of 1st period - Maxim Talbot wins face-off versus David Legwand in Canadiens zone.
1:49 of 1st period - Maxim Talbot is hit by Brad Boyes.
1:54 of 1st period - Off-side.
1:55 of 1st period - David Legwand wins face-off versus Maxim Talbot in neutral zone.
1:58 of 1st period - Slapshot by Mike Green.
1:58 of 1st period - Shot Blocked by Dan Boyle.
2:00 of 1st period - Snap shot by Brad Boyes.
2:00 of 1st period - Stopped by Jonathan Bernier with a rebound.
2:02 of 1st period - Slapshot by Brad Boyes.
2:02 of 1st period - Shot Blocked by Dan Boyle.
2:06 of 1st period - Slapshot by David Legwand.
2:06 of 1st period - Shot Misses the Net.
2:22 of 1st period - David Legwand is hit by Riley Cote and loses puck.
2:31 of 1st period - Snap shot by Marc Savard.
2:31 of 1st period - Shot Misses the Net.
2:33 of 1st period - Snap shot by Riley Cote.
2:33 of 1st period - Stopped by Dan Ellis without a rebound.
2:34 of 1st period - Jason Allison wins face-off versus Marc Savard in Sharks zone.
2:47 of 1st period - Snap shot by Tuomo Ruutu.
2:47 of 1st period - Shot Misses the Net.
2:49 of 1st period - Snap shot by Alexander Radulov.
2:49 of 1st period - Shot Misses the Net.
3:25 of 1st period - Steve McCarthy is hit by Marc Savard and loses puck.
4:12 of 1st period - Paul Gaustad is hit by Maxim Talbot and loses puck.
4:25 of 1st period - Greg Stewart is hit by Paul Gaustad and loses puck.
4:44 of 1st period - Snap shot by Maxim Talbot.
4:44 of 1st period - Shot Misses the Net.
4:53 of 1st period - Minor Penalty to Martin Erat for Cross-checking.
4:54 of 1st period - David Legwand wins face-off versus Marc Savard in Sharks zone.
5:02 of 1st period - Slapshot by Dan Boyle.
5:02 of 1st period - Stopped by Dan Ellis with a rebound.
5:08 of 1st period - Wrist shot by Marek Svatos.
5:08 of 1st period - Shot Misses the Net.
5:10 of 1st period - Slapshot by Dennis Wideman.
5:10 of 1st period - Shot Misses the Net.
5:28 of 1st period - Wrist shot by Sergei Samsonov.
5:28 of 1st period - Deflect By Steve McCarthy.
5:28 of 1st period - Shot Blocked by Steve McCarthy.
5:28 of 1st period - Puck is out of play.
5:29 of 1st period - Brad Boyes wins face-off versus Marc Savard in Sharks zone.
5:56 of 1st period - Brooks Laich is hit by Mike Green and loses puck.
6:53 of 1st period - Penalty to Martin Erat is over, Martin Erat is back on ice.
7:00 of 1st period - Slapshot by Mike Green.
7:00 of 1st period - Deflect By Cal Clutterbuck.
7:00 of 1st period - Stopped by Jonathan Bernier with a rebound.
7:02 of 1st period - Snap shot by Cal Clutterbuck.
7:02 of 1st period - Stopped by Jonathan Bernier with a rebound.
7:12 of 1st period - Snap shot by Cal Clutterbuck.
7:12 of 1st period - Shot Blocked by Marek Svatos.
7:34 of 1st period - Wrist shot by Patrick Sharp.
7:34 of 1st period - Stopped by Dan Ellis without a rebound.
7:35 of 1st period - Brooks Laich wins face-off versus Jason Allison in Sharks zone.
7:46 of 1st period - Slapshot by Kim Johnsson.
7:46 of 1st period - Shot Misses the Net.
7:48 of 1st period - Snap shot by Tuomo Ruutu.
7:48 of 1st period - Shot Misses the Net.
7:50 of 1st period - Slapshot by Kim Johnsson.
7:50 of 1st period - Deflect By Alexander Radulov.
7:50 of 1st period - Stopped by Jonathan Bernier with a rebound.
8:04 of 1st period - Jay Bouwmeester is hit by Josh Gorges and loses puck.
8:38 of 1st period - Minor Penalty to Matt Carle for Delaying the game.
8:39 of 1st period - David Legwand wins face-off versus Marc Savard in Canadiens zone.
9:08 of 1st period - Dan Boyle is hit by Daniel Alfredsson and loses puck.
10:38 of 1st period - Penalty to Matt Carle is over, Matt Carle is back on ice.
10:50 of 1st period - Backhand shot by Brooks Laich.
10:50 of 1st period - Stopped by Dan Ellis without a rebound.
10:51 of 1st period - Brooks Laich wins face-off versus Jason Allison in Sharks zone.
10:54 of 1st period - Snap shot by Brooks Laich.
10:54 of 1st period - Shot Blocked by Alexander Radulov.
10:56 of 1st period - Slapshot by Matt Carle.
10:56 of 1st period - Stopped by Dan Ellis with a rebound.
10:58 of 1st period - Slapshot by Sergei Samsonov.
10:58 of 1st period - Stopped by Dan Ellis without a rebound.
10:59 of 1st period - Marc Savard wins face-off versus Jason Allison in Sharks zone.
11:18 of 1st period - Minor Penalty to Jason Allison for Interference.
11:19 of 1st period - David Legwand wins face-off versus Marc Savard in Sharks zone.
11:35 of 1st period - Slapshot by Marc Savard.
11:35 of 1st period - Stopped by Dan Ellis with a rebound.
11:50 of 1st period - Slapshot by Sergei Samsonov.
11:50 of 1st period - Stopped by Dan Ellis with a rebound.
12:15 of 1st period - Backhand shot by Devin Setoguchi.
12:15 of 1st period - Stopped by Dan Ellis with a rebound.
13:16 of 1st period - Dennis Wideman is hit by Brad Boyes and loses puck.
13:18 of 1st period - Penalty to Jason Allison is over, Jason Allison is back on ice.
13:53 of 1st period - Marc Savard is hit by Tuomo Ruutu and loses puck.
14:16 of 1st period - Snap shot by David Legwand.
14:16 of 1st period - Shot Blocked by Riley Cote.
14:36 of 1st period - Dennis Wideman is hit by Tuomo Ruutu and loses puck.
14:53 of 1st period - Marc Savard is hit by Kim Johnsson and loses puck.
15:24 of 1st period - Greg Stewart is hit by Martin Erat and loses puck.
17:00 of 1st period - Slapshot by Alexander Radulov.
17:00 of 1st period - Stopped by Jonathan Bernier without a rebound.
17:01 of 1st period - Brad Boyes wins face-off versus Marc Savard in Canadiens zone.
17:26 of 1st period - Dan Boyle is hit by Alexander Radulov and loses puck.
17:31 of 1st period - Wrist shot by Jason Allison.
17:31 of 1st period - Stopped by Jonathan Bernier with a rebound.
17:49 of 1st period - Marek Svatos is hit by Cal Clutterbuck and loses puck.
18:20 of 1st period - Snap shot by Sergei Samsonov.
18:20 of 1st period - Stopped by Dan Ellis with a rebound.
18:41 of 1st period - Snap shot by Michal Rozsival.
18:41 of 1st period - Shot Blocked by Maxim Talbot.
19:02 of 1st period - Slapshot by Kevin Shattenkirk.
19:02 of 1st period - Stopped by Jonathan Bernier with a rebound.
19:04 of 1st period - Snap shot by Paul Gaustad.
19:04 of 1st period - Shot Misses the Net.
19:06 of 1st period - Snap shot by Kevin Shattenkirk.
19:06 of 1st period - Shot Blocked by Josh Gorges.
19:08 of 1st period - Backhand shot by Paul Gaustad.
19:08 of 1st period - Deflect By Greg Stewart.
19:08 of 1st period - Shot Misses the Net.
19:08 of 1st period - Puck is out of play.
19:09 of 1st period - Brooks Laich wins face-off versus Antoine Vermette in Canadiens zone.
19:11 of 1st period - Minor Penalty to Devin Setoguchi for Interference.
19:12 of 1st period - Marc Savard wins face-off versus David Legwand in Canadiens zone.
19:12 of 1st period - Marc Savard is hit by David Legwand.
19:23 of 1st period - Backhand shot by Brad Boyes.
19:23 of 1st period - Stopped by Jonathan Bernier without a rebound.
19:24 of 1st period - David Legwand wins face-off versus Marc Savard in Canadiens zone.
Goals for this period are 0 for Canadiens vs 0 for Sharks.
Shots for this period are 10 for Canadiens vs 11 for Sharks.

2nd period


0:01 of 2nd period - David Legwand wins face-off versus Marc Savard in neutral zone.
0:32 of 2nd period - Snap shot by Mike Green.
0:32 of 2nd period - Stopped by Jonathan Bernier with a rebound.
0:34 of 2nd period - Wrist shot by Marcel Hossa.
0:34 of 2nd period - Deflect By Daniel Alfredsson.
0:34 of 2nd period - Goal by Daniel Alfredsson - Canadiens : 0 - Sharks : 1.
0:35 of 2nd period - David Legwand wins face-off versus Marc Savard in neutral zone.
0:37 of 2nd period - Mike Green is hit by Dennis Wideman and loses puck.
0:40 of 2nd period - Minor Penalty to Marc Savard for Hooking.
0:41 of 2nd period - Riley Cote wins face-off versus David Legwand in Canadiens zone.
0:41 of 2nd period - Riley Cote is hit by Brad Boyes.
0:42 of 2nd period - Riley Cote from Canadiens is injured at 0:42 of 2nd period (Left Foot).
0:43 of 2nd period - Brooks Laich wins face-off versus David Legwand in Canadiens zone.
0:43 of 2nd period - Brooks Laich is hit by Michal Rozsival.
0:54 of 2nd period - Dan Boyle is hit by David Legwand and loses puck.
1:19 of 2nd period - Snap shot by Antoine Vermette.
1:19 of 2nd period - Stopped by Jonathan Bernier without a rebound.
1:20 of 2nd period - David Legwand wins face-off versus Brooks Laich in Canadiens zone.
1:46 of 2nd period - Slapshot by Marcel Hossa.
1:46 of 2nd period - Shot Misses the Net.
2:31 of 2nd period - Slapshot by Dan Boyle.
2:31 of 2nd period - Deflect By Kevin Shattenkirk.
2:31 of 2nd period - Stopped by Dan Ellis without a rebound.
2:32 of 2nd period - Antoine Vermette wins face-off versus Dustin Boyd in Sharks zone.
2:32 of 2nd period - Antoine Vermette is hit by Josh Gorges.
2:40 of 2nd period - Penalty to Marc Savard is over, Marc Savard is back on ice.
2:54 of 2nd period - Snap shot by Devin Setoguchi.
2:54 of 2nd period - Stopped by Dan Ellis without a rebound.
2:55 of 2nd period - Jason Allison wins face-off versus Brooks Laich in Sharks zone.
2:55 of 2nd period - Jason Allison is hit by Devin Setoguchi.
3:00 of 2nd period - Michal Rozsival is hit by Sergei Samsonov and loses puck.
3:03 of 2nd period - Slapshot by Jason Allison.
3:03 of 2nd period - Stopped by Jonathan Bernier with a rebound.
3:17 of 2nd period - Snap shot by Alexander Radulov.
3:17 of 2nd period - Stopped by Jonathan Bernier without a rebound.
3:18 of 2nd period - David Legwand wins face-off versus Marek Svatos in Canadiens zone.
3:24 of 2nd period - Off-side.
3:25 of 2nd period - Marc Savard wins face-off versus David Legwand in neutral zone.
3:41 of 2nd period - Snap shot by Marc Savard.
3:41 of 2nd period - Stopped by Dan Ellis without a rebound.
3:42 of 2nd period - Daniel Alfredsson wins face-off versus Brooks Laich in Sharks zone.
4:07 of 2nd period - Patrick Sharp is hit by Michal Rozsival.
4:19 of 2nd period - Snap shot by Marek Svatos.
4:19 of 2nd period - Shot Blocked by Mike Green.
4:21 of 2nd period - Slapshot by Marc Savard.
4:21 of 2nd period - Shot Misses the Net.
4:33 of 2nd period - Slapshot by Brad Boyes.
4:33 of 2nd period - Stopped by Jonathan Bernier with a rebound.
4:35 of 2nd period - Backhand shot by Mike Green.
4:35 of 2nd period - Stopped by Jonathan Bernier without a rebound.
4:36 of 2nd period - Brooks Laich wins face-off versus David Legwand in Canadiens zone.
5:01 of 2nd period - Dennis Wideman is hit by Derek Boogaard and loses puck.
5:20 of 2nd period - Slapshot by Brooks Laich.
5:20 of 2nd period - Shot Blocked by David Legwand.
5:25 of 2nd period - Wrist shot by Brooks Laich.
5:25 of 2nd period - Stopped by Dan Ellis with a rebound.
5:27 of 2nd period - Slapshot by Matt Carle.
5:27 of 2nd period - Deflect By Brooks Laich.
5:27 of 2nd period - Shot Blocked by Steve McCarthy.
5:27 of 2nd period - Puck is out of play.
5:28 of 2nd period - Antoine Vermette wins face-off versus Marc Savard in Sharks zone.
5:28 of 2nd period - Michal Rozsival is hit by Patrick Sharp and loses puck.
5:37 of 2nd period - Wrist shot by Patrick Sharp.
5:37 of 2nd period - Stopped by Dan Ellis with a rebound.
5:39 of 2nd period - Slapshot by Jiri Fischer.
5:39 of 2nd period - Goal by Jiri Fischer - Canadiens : 1 - Sharks : 1.
5:40 of 2nd period - Marc Savard wins face-off versus Marcel Hossa in neutral zone.
5:45 of 2nd period - Slapshot by Dan Boyle.
5:45 of 2nd period - Deflect By Marek Svatos.
5:45 of 2nd period - Stopped by Dan Ellis with a rebound.
6:01 of 2nd period - Minor Penalty to Dan Boyle for Holding.
6:02 of 2nd period - Marc Savard wins face-off versus David Legwand in Canadiens zone.
6:15 of 2nd period - Slapshot by Derek Boogaard.
6:15 of 2nd period - Goal by Derek Boogaard - Canadiens : 1 - Sharks : 2.
6:16 of 2nd period - Marc Savard wins face-off versus David Legwand in neutral zone.
6:24 of 2nd period - Snap shot by Marek Svatos.
6:24 of 2nd period - Stopped by Dan Ellis without a rebound.
6:25 of 2nd period - Brad Boyes wins face-off versus Marc Savard in Sharks zone.
6:32 of 2nd period - Slapshot by Patrick Sharp.
6:32 of 2nd period - Goal by Patrick Sharp - Canadiens : 2 - Sharks : 2.
6:33 of 2nd period - Marc Savard wins face-off versus David Legwand in neutral zone.
6:40 of 2nd period - Snap shot by Marc Savard.
6:40 of 2nd period - Shot Hit the Post.
6:48 of 2nd period - Snap shot by Marc Savard.
6:48 of 2nd period - Deflect By David Legwand.
6:48 of 2nd period - Stopped by Dan Ellis with a rebound.
6:50 of 2nd period - Slapshot by Marek Svatos.
6:50 of 2nd period - Shot Misses the Net.
7:10 of 2nd period - Slapshot by Mike Green.
7:10 of 2nd period - Stopped by Jonathan Bernier without a rebound.
7:11 of 2nd period - David Legwand wins face-off versus Marc Savard in Canadiens zone.
7:24 of 2nd period - Slapshot by Patrick Sharp.
7:24 of 2nd period - Shot Misses the Net.
7:26 of 2nd period - Wrist shot by Marek Svatos.
7:26 of 2nd period - Stopped by Dan Ellis without a rebound.
7:27 of 2nd period - Antoine Vermette wins face-off versus Brooks Laich in Sharks zone.
7:29 of 2nd period - Icing by Michal Rozsival.
7:30 of 2nd period - Brooks Laich wins face-off versus Daniel Alfredsson in Sharks zone.
7:45 of 2nd period - Snap shot by Sergei Samsonov.
7:45 of 2nd period - Goal by Sergei Samsonov - Canadiens : 3 - Sharks : 2.
7:46 of 2nd period - David Legwand wins face-off versus Marc Savard in neutral zone.
8:54 of 2nd period - Off-side.
8:55 of 2nd period - Paul Gaustad wins face-off versus Dustin Boyd in neutral zone.
8:58 of 2nd period - Ladislav Smid is hit by Paul Gaustad and loses puck.
9:11 of 2nd period - Snap shot by Cal Clutterbuck.
9:11 of 2nd period - Shot Blocked by Dustin Boyd.
9:25 of 2nd period - Wrist shot by Brooks Laich.
9:25 of 2nd period - Shot Misses the Net.
9:27 of 2nd period - Wrist shot by Ladislav Smid.
9:27 of 2nd period - Deflect By Sergei Samsonov.
9:27 of 2nd period - Stopped by Dan Ellis with a rebound.
9:29 of 2nd period - Snap shot by Sergei Samsonov.
9:29 of 2nd period - Shot Misses the Net.
9:33 of 2nd period - Snap shot by Brooks Laich.
9:33 of 2nd period - Stopped by Dan Ellis without a rebound.
9:34 of 2nd period - Marc Savard wins face-off versus Antoine Vermette in Sharks zone.
9:37 of 2nd period - Slapshot by Marek Svatos.
9:37 of 2nd period - Shot Misses the Net.
10:07 of 2nd period - Mike Green is hit by Sergei Samsonov and loses puck.
10:37 of 2nd period - Minor Penalty to Cam Janssen for Holding.
10:38 of 2nd period - David Legwand wins face-off versus Marc Savard in Canadiens zone.
10:53 of 2nd period - Slapshot by Kevin Shattenkirk.
10:53 of 2nd period - Goal by Kevin Shattenkirk - Canadiens : 3 - Sharks : 3.
10:54 of 2nd period - Marc Savard wins face-off versus David Legwand in neutral zone.
10:58 of 2nd period - Icing by Dan Boyle.
10:59 of 2nd period - Brad Boyes wins face-off versus Marc Savard in Canadiens zone.
11:51 of 2nd period - Snap shot by Sergei Samsonov.
11:51 of 2nd period - Shot Blocked by Michal Rozsival.
11:53 of 2nd period - Backhand shot by Dennis Wideman.
11:53 of 2nd period - Deflect By Sergei Samsonov.
11:53 of 2nd period - Stopped by Dan Ellis with a rebound.
11:55 of 2nd period - Wrist shot by Dan Boyle.
11:55 of 2nd period - Shot Misses the Net.
12:08 of 2nd period - Off-side.
12:09 of 2nd period - Maxim Talbot wins face-off versus David Legwand in neutral zone.
12:30 of 2nd period - Minor Penalty to Maxim Talbot for Hooking.
12:31 of 2nd period - Marc Savard wins face-off versus David Legwand in Canadiens zone.
13:01 of 2nd period - Antoine Vermette is hit by Sergei Samsonov and loses puck.
14:30 of 2nd period - Penalty to Maxim Talbot is over, Maxim Talbot is back on ice.
14:50 of 2nd period - Wrist shot by Ladislav Smid.
14:50 of 2nd period - Shot Misses the Net.
14:52 of 2nd period - Slapshot by Ladislav Smid.
14:52 of 2nd period - Stopped by Dan Ellis without a rebound.
14:53 of 2nd period - Dustin Boyd wins face-off versus Paul Gaustad in Sharks zone.
15:38 of 2nd period - Slapshot by Jay Bouwmeester.
15:38 of 2nd period - Shot Blocked by Ladislav Smid.
15:40 of 2nd period - Slapshot by Alexander Radulov.
15:40 of 2nd period - Shot Misses the Net.
15:56 of 2nd period - Cam Janssen is hit by David Legwand.
16:16 of 2nd period - Minor Penalty to Daniel Alfredsson for Tripping.
16:17 of 2nd period - Marc Savard wins face-off versus David Legwand in Sharks zone.
16:42 of 2nd period - Dennis Wideman is hit by Derek Boogaard and loses puck.
17:30 of 2nd period - Icing by Brooks Laich.
17:31 of 2nd period - Devin Setoguchi wins face-off versus Antoine Vermette in Canadiens zone.
17:31 of 2nd period - Devin Setoguchi is hit by Mike Green.
18:16 of 2nd period - Penalty to Daniel Alfredsson is over, Daniel Alfredsson is back on ice.
18:29 of 2nd period - Kim Johnsson is hit by Greg Stewart.
19:07 of 2nd period - Icing by Brooks Laich.
19:08 of 2nd period - Jason Allison wins face-off versus Brooks Laich in Canadiens zone.
19:22 of 2nd period - Minor Penalty to Sergei Samsonov for Tripping.
19:23 of 2nd period - Patrick Sharp wins face-off versus Antoine Vermette in Canadiens zone.
19:31 of 2nd period - Snap shot by Michal Rozsival.
19:31 of 2nd period - Stopped by Jonathan Bernier with a rebound.
19:33 of 2nd period - Wrist shot by Antoine Vermette.
19:33 of 2nd period - Goal by Antoine Vermette - Canadiens : 3 - Sharks : 4.
19:34 of 2nd period - David Legwand wins face-off versus Marc Savard in neutral zone.
19:53 of 2nd period - Patrick Sharp is hit by Mike Green and loses puck.
Goals for this period are 3 for Canadiens vs 4 for Sharks.
Shots for this period are 16 for Canadiens vs 12 for Sharks.

3rd period


0:01 of 3rd period - David Legwand wins face-off versus Marc Savard in neutral zone.
1:00 of 3rd period - Wrist shot by Maxim Talbot.
1:00 of 3rd period - Shot Blocked by Tuomo Ruutu.
1:14 of 3rd period - Dustin Boyd is hit by Paul Gaustad and loses puck.
3:06 of 3rd period - Minor Penalty to Marcel Hossa for Hooking.
3:07 of 3rd period - David Legwand wins face-off versus Sergei Samsonov in Sharks zone.
3:07 of 3rd period - David Legwand is hit by Dennis Wideman.
5:06 of 3rd period - Penalty to Marcel Hossa is over, Marcel Hossa is back on ice.
5:08 of 3rd period - Snap shot by Cal Clutterbuck.
5:08 of 3rd period - Stopped by Jonathan Bernier with a rebound.
5:47 of 3rd period - Matt Carle is hit by Paul Gaustad and loses puck.
6:08 of 3rd period - Greg Stewart is hit by Kevin Shattenkirk and loses puck.
6:59 of 3rd period - Matt Carle is hit by Tuomo Ruutu and loses puck.
7:28 of 3rd period - Greg Stewart is hit by Brad Boyes and loses puck.
7:47 of 3rd period - Jiri Fischer is hit by Paul Gaustad and loses puck.
8:08 of 3rd period - Kim Johnsson is hit by Greg Stewart and loses puck.
8:21 of 3rd period - Jason Allison is hit by Dan Boyle and loses puck.
8:32 of 3rd period - Alexander Radulov is hit by Stu Bickel and loses puck.
8:39 of 3rd period - Slapshot by Greg Stewart.
8:39 of 3rd period - Shot Blocked by Kim Johnsson.
8:41 of 3rd period - Slapshot by Dennis Wideman.
8:41 of 3rd period - Shot Misses the Net.
8:43 of 3rd period - Snap shot by Greg Stewart.
8:43 of 3rd period - Stopped by Dan Ellis with a rebound.
9:25 of 3rd period - Wrist shot by Maxim Talbot.
9:25 of 3rd period - Shot Blocked by Jason Allison.
9:27 of 3rd period - Slapshot by Dennis Wideman.
9:27 of 3rd period - Goal by Dennis Wideman - Canadiens : 4 - Sharks : 4.
9:28 of 3rd period - David Legwand wins face-off versus Marc Savard in neutral zone.
9:39 of 3rd period - Snap shot by Brad Boyes.
9:39 of 3rd period - Stopped by Jonathan Bernier with a rebound.
9:59 of 3rd period - Snap shot by Marcel Hossa.
9:59 of 3rd period - Stopped by Jonathan Bernier with a rebound.
10:44 of 3rd period - Backhand shot by Marcel Hossa.
10:44 of 3rd period - Stopped by Jonathan Bernier without a rebound.
10:45 of 3rd period - Antoine Vermette wins face-off versus Dustin Boyd in Canadiens zone.
11:09 of 3rd period - Mike Green is hit by Jiri Fischer and loses puck.
11:26 of 3rd period - Slapshot by Michal Rozsival.
11:26 of 3rd period - Stopped by Jonathan Bernier with a rebound.
11:28 of 3rd period - Slapshot by Mike Green.
11:28 of 3rd period - Deflect By Dan Boyle.
11:28 of 3rd period - Stopped by Jonathan Bernier with a rebound.
11:30 of 3rd period - Slapshot by Michal Rozsival.
11:30 of 3rd period - Stopped by Jonathan Bernier without a rebound.
11:31 of 3rd period - Dustin Boyd wins face-off versus Antoine Vermette in Canadiens zone.
11:31 of 3rd period - Dustin Boyd is hit by Steve McCarthy.
11:54 of 3rd period - Brad Boyes is hit by Dan Boyle and loses puck.
12:17 of 3rd period - Snap shot by Alexander Radulov.
12:17 of 3rd period - Stopped by Jonathan Bernier with a rebound.
13:26 of 3rd period - Snap shot by Tuomo Ruutu.
13:26 of 3rd period - Stopped by Jonathan Bernier with a rebound.
13:28 of 3rd period - Snap shot by Jason Allison.
13:28 of 3rd period - Goal by Jason Allison - Canadiens : 4 - Sharks : 5.
13:29 of 3rd period - David Legwand wins face-off versus Marc Savard in neutral zone.
13:42 of 3rd period - Derek Boogaard is hit by Dan Boyle and loses puck.
13:53 of 3rd period - Brooks Laich is hit by Michal Rozsival and loses puck.
14:02 of 3rd period - Snap shot by Devin Setoguchi.
14:02 of 3rd period - Stopped by Dan Ellis without a rebound.
14:03 of 3rd period - Marc Savard wins face-off versus Antoine Vermette in Sharks zone.
14:04 of 3rd period - Slapshot by Patrick Sharp.
14:04 of 3rd period - Shot Misses the Net.
14:35 of 3rd period - Steve McCarthy is hit by Josh Gorges and loses puck.
14:55 of 3rd period - Cam Janssen is hit by Alexander Radulov and loses puck.
15:03 of 3rd period - Off-side.
15:04 of 3rd period - Marc Savard wins face-off versus Antoine Vermette in neutral zone.
15:18 of 3rd period - Minor Penalty to Dan Boyle for Interference.
15:19 of 3rd period - David Legwand wins face-off versus Marc Savard in Canadiens zone.
15:21 of 3rd period - Snap shot by David Legwand.
15:21 of 3rd period - Shot Blocked by Matt Carle.
15:23 of 3rd period - Wrist shot by Derek Boogaard.
15:23 of 3rd period - Shot Misses the Net.
15:25 of 3rd period - Slapshot by Michal Rozsival.
15:25 of 3rd period - Goal by Michal Rozsival - Canadiens : 4 - Sharks : 6.
15:26 of 3rd period - Maxim Talbot wins face-off versus David Legwand in neutral zone.
16:03 of 3rd period - Snap shot by Jason Allison.
16:03 of 3rd period - Stopped by Jonathan Bernier without a rebound.
16:04 of 3rd period - Antoine Vermette wins face-off versus Maxim Talbot in Canadiens zone.
16:08 of 3rd period - Minor Penalty to Maxim Talbot for Tripping.
16:09 of 3rd period - Marc Savard wins face-off versus David Legwand in Canadiens zone.
16:16 of 3rd period - Off-side.
16:17 of 3rd period - Marc Savard wins face-off versus Derek Boogaard in neutral zone.
16:20 of 3rd period - Derek Boogaard is hit by Marc Savard.
18:08 of 3rd period - Penalty to Maxim Talbot is over, Maxim Talbot is back on ice.
18:21 of 3rd period - Tuomo Ruutu is hit by Brooks Laich and loses puck.
Goals for this period are 1 for Canadiens vs 2 for Sharks.
Shots for this period are 3 for Canadiens vs 12 for Sharks.